 Dungeon Crawl Stone Soup version 0.28-a0-1236-gb25a51b929 (webtiles) character file.

Game seed: 4647753236265645491

57254 browni3141 the Convoker (level 14, -7/51 HPs)
             Began as a Felid Summoner on Dec 25, 2021.
             Was an Initiate of Gozag.
             Mangled by a deep elf knight (15 damage)
             ... on level 14 of the Dungeon.
             The game lasted 01:36:29 (38381 turns).

browni3141 the Convoker (Felid Summoner)           Turns: 38381, Time: 01:36:29

Health: -7/51      AC: 16    Str:  4    XL:     14   Next: 45%
Magic:  32/32      EV: 28    Int: 27    God:    Gozag
Gold:   5497       SH:  0    Dex: 17    Spells: 2/39 levels left
                                        Lives:  0   Deaths: 4

rFire   . . .      SeeInvis +   (weapon unavailable)
rCold   . . .      Faith    .   (shield unavailable)
rNeg    . . .      Spirit   .   (armour unavailable)
rPois   ∞          Reflect  .   (helmet unavailable)
rElec   +          Harm     .   (cloak unavailable)
rCorr   .          Rampage  .   (gloves unavailable)
Will    ++...      NoTele   +   (boots unavailable)
Stlth   +++.......              L - amulet "Daidweck" {Acrobat -Tele rElec Int+3}
HPRegen 0.17/turn               b - +4 ring of evasion
MPRegen 0.23/turn               l - ring of wizardry

@: storm-form (expiring), flying
A: cleaving, flying, very small, (claws 1), (fangs 3), see invisible, (speed 1),
(shaggy fur 3), (stealthy paws), no weapons or thrown items, no armour,
multi-lived
a: Blinkbolt, End Transformation, Renounce Religion, Potion Petition, Call
Merchant, Bribe Branch


You were on level 14 of the Dungeon.
You worshipped Gozag.
Gozag was greatly pleased with you.
You were a lightning-filled tempest!
You visited 5 branches of the dungeon, and saw 24 of its levels.
You also visited: Gauntlet.

You collected 7417 gold pieces.
You spent 1823 gold pieces at shops.
You paid 97 gold pieces to Gozag.

Inventory:

Jewellery
 b - a +4 ring of evasion (left paw)
 k - a ring of willpower
 l - a ring of wizardry (right paw)
 t - a ring of positive energy
 A - a ring of magical power
 F - a ring of resist corrosion
 H - a +6 ring of strength
 J - an amulet of the acrobat
 L - the amulet "Daidweck" (around neck) {Acrobat -Tele rElec Int+3}
   (You bought it in a shop on level 4 of the Dungeon)

   [amulet of the acrobat]

   It increases your evasion while moving and waiting.
   Int:       It affects your intelligence (+3).
   rElec:     It insulates you from electricity.
   -Tele:     It prevents most forms of teleportation.
 R - an amulet of magic regeneration
 S - a +4 ring of slaying
 U - a ring of flight
 V - a ring of poison resistance
 X - a ring of wizardry
Wands
 z - a wand of flame (73)
 B - a wand of polymorph (10)
 D - a wand of mindburst (17)
 K - a wand of charming (16)
 M - a wand of acid (21)
 W - a wand of paralysis (8)
 Y - a wand of digging (3)
Scrolls
 e - 7 scrolls of blinking
 h - 16 scrolls of teleportation
 m - 3 scrolls of silence
 n - 5 scrolls of identify
 o - 2 scrolls of immolation
 p - 6 scrolls of fog
 s - 2 scrolls of fear {unknown}
 x - 3 scrolls of vulnerability {unknown}
 y - 3 scrolls of enchant weapon {unknown}
 C - 3 scrolls of brand weapon {unknown}
 I - 2 scrolls of noise {unknown}
 P - 4 scrolls of enchant armour {unknown}
 Q - 2 scrolls of amnesia
 T - 2 scrolls of magic mapping {unknown}
Potions
 a - 4 potions of flight
 c - 2 potions of resistance
 d - 5 potions of heal wounds
 f - 2 potions of berserk rage
 g - 2 potions of mutation {unknown}
 i - 5 potions of invisibility
 j - 3 potions of degeneration
 q - 5 potions of curing
 r - 4 potions of haste
 u - 5 potions of might
 v - a potion of cancellation {unknown}
 w - 2 potions of brilliance {unknown}
 E - 5 potions of lignification
 G - 2 potions of magic
 N - 4 potions of attraction
 O - 11 potions of ambrosia


   Skills:
 - Level 3.4 Dodging
 - Level 3.5 Stealth
 - Level 13.0 Spellcasting
 - Level 8.0 Hexes
 - Level 18.8 Summonings
 - Level 8.0 Translocations
 * Level 11.9 Transmutations
 + Level 8.8 Air Magic


You had 2 spell levels left.
You knew the following spells:

 Your Spells              Type           Power      Damage    Failure   Level
a - Summon Hydra          Summ           43%        N/A       1%          7
c - Call Canine Familiar  Summ           87%        N/A       0%          3
d - Summon Guardian Gole  Hex/Summ       74%        N/A       1%          3
e - Summon Lightning Spi  Summ/Air       75%        N/A       1%          4
f - Summon Forest         Summ/Tloc      37%        N/A       1%          5
g - Summon Cactus Giant   Summ           43%        N/A       1%          6
h - Blink                 Tloc           100%       N/A       1%          2
i - Storm Form            Tmut/Air       32%        N/A       16%         7

Your spell library contained the following spells:

 Spells                   Type           Power      Damage    Failure   Level
 Summon Small Mammal      Summ           100%       N/A       0%          1
 Call Imp                 Summ           87%        N/A       0%          2
 Animate Skeleton         Necr           34%        N/A       1%          1
 Pain                     Necr           68%        1d7       1%          1
 Sandblast                Erth           34%        2d9       1%          1
 Shock                    Conj/Air       100%       1d9       1%          1
 Scorch                   Fire           34%        2d7       1%          2
 Swiftness                Air            60%        N/A       1%          3
 Airstrike                Air            30%        N/A       1%          4
 Blade Hands              Tmut           35%        N/A       1%          5
 Manifold Assault         Tloc           57%        N/A       1%          5
 Leda's Liquefaction      Hex/Erth       19%        N/A       2%          4
 Vampiric Draining        Necr           17%        2d7       4%          3
 Flame Wave               Conj/Fire      17%        2d5       12%         4
 Eringya's Noxious Bog    Tmut/Pois      24%        N/A       16%         6
 Spellforged Servitor     Conj/Summ      31%        N/A       22%         7
 Lee's Rapid Deconstruct  Erth           8%         3d8*      32%         5
 Iron Shot                Conj/Erth      8%         9d3       86%         6
 Orb of Destruction       Conj           8%         9d4       100%        7
 Lehudib's Crystal Spear  Conj/Erth      8%         10d4      100%        8
 Animate Armour           Summ/Erth      Unusable   N/A       N/A         4

Dungeon Overview and Level Annotations

Branches:
Dungeon (14/15)            Temple (1/1) D:5            Lair (6/6) D:9
 Shoals (0/4) Lair:2        Snake (0/4) Lair:3        Slime (1/5) Lair:6
    Orc (2/2) D:9             Elf (0/3) Orc:2       Gauntlet (visited)
 Vaults: D:13-14

Altars:
Ashenzari
Cheibriados
Dithmenos
Elyvilon
Fedhas
Gozag
Hepliaklqana
Kikubaaqudgha
Makhleb
Nemelex Xobeh
Okawaru
Qazlal
Ru
Sif Muna
Trog
Uskayaw
Vehumet
Wu Jian
Xom
Yredelemnul
Zin
The Shining One
Beogh

Shops:
D:2 =   D:4 =   D:5 :*   D:9 *   Orc:2 *[[!

Portals:
Abyss: D:6

Annotations:
D:6 2 transporters, AigisTheKnight's ghost, novice DrAE
D:7 2 transporters, bande's ghost, novice GrFi
D:14 exclusion: deep elf knight
Lair:1 2 transporters, Ynoky's ghost, novice DsFi


Innate Abilities, Weirdness & Mutations

You are a lightning-filled tempest!
Your electrical attacks strike out in all directions at once.
You are incredibly evasive.
You are flying.
You are immune to poison.
((You have sharp claws.))
((You have razor-sharp teeth.))
You have supernaturally acute eyesight. (SInv)
((You cover ground quickly. (Speed+)))
((Your thick and shaggy fur keeps you warm. (AC +3, rC+)))
((Your paws help you pounce on unaware monsters.))
You are incapable of wielding weapons or throwing items.
You cannot wear armour.
You gain extra lives every three experience levels.


Message History

The deep elf knight hits you with a +0 short sword.
You buffet the deep elf knight!
The deep elf knight is moderately wounded.
The deep elf knight completely misses you.
You barely miss the deep elf knight.
The deep elf knight is moderately wounded.
The deep elf knight casts a spell.
The deep elf knight flickers and vanishes for a moment.
You buffet the deep elf knight!
The deep elf knight is heavily wounded.
Your transformation is almost over.
The deep elf knight gestures at you while chanting.
The shard of ice misses you.
You closely miss the deep elf knight.
The deep elf knight is heavily wounded.
The deep elf knight barely misses you.
You buffet the deep elf knight!
The deep elf knight is severely wounded.
The deep elf knight completely misses you.
You hit the deep elf knight.
The deep elf knight is severely wounded.
The deep elf knight points at you and mumbles some strange words.
The shard of ice hits you!!
Ouch! That really hurt!
You closely miss the deep elf knight.
The deep elf knight is severely wounded.
The deep elf knight hits you with a +0 short sword!
* * * LOW HITPOINT WARNING * * *
You hit the deep elf knight.
The deep elf knight is severely wounded.
The deep elf knight completely misses you.
Okay, then.
You closely miss the deep elf knight.
The deep elf knight is severely wounded.
The deep elf knight misses you.
You hit the deep elf knight.
The deep elf knight is severely wounded.
The deep elf knight hits you with a +0 short sword!
You die...
Your body crumbles into a pile of gold.

########+######## # ###
#?.............[# ## # #..
#...............# #. # #.#
#...ev..........# #. # #.#
##'####.#.####'## #. # #.# #
#...# #...#####. #####.##### .#
#...# #...##.... ..........# ..#
#.[[# #...##....
..........###.$###''[###[[####...
...........≈≈≈≈≈≈≈...≈≈≈≈≈≈≈.#...
...........≈≈≈≈≈≈≈...≈≈≈≈≈≈≈.#...
............≈≈≈≈≈≈.(.≈≈≈≈≈≈.##...


You could see a deep elf knight (invisible).

Vanquished Creatures
  An orc high priest (Orc:1)
  A killer bee (D:11)
  A centaur zombie (D:5)
  2 orc priests
  An iguana (D:5)
  A hound zombie (D:5)
  A gnoll (D:5)
  A white imp (D:7)
  A worm (D:3)
  10 orcs
  6 bats
  5 endoplasms
  3 giant cockroaches
  A hobgoblin (D:3)
  4 quokkas
  7 ball pythons
  2 frilled lizards (D:1)
  4 kobolds
  3 rats
55 creatures vanquished.

Vanquished Creatures (collateral kills)
  Rupert (D:14)
  Kirke (Lair:5)
  2 orc warlords
  The ghost of Ora Soeq the Fighter, a journeyman HOFi of Trog (D:11)
  Snorg (Orc:1)
  Fannar (Lair:2)
  11 hydras
  2 vault guards (D:14)
  5 boulder beetles
  Harold (Lair:2)
  A catoblepas (Lair:6)
  A deep troll shaman (Lair:6)
  4 centaur warriors (D:14)
  3 death yaks (Lair:6)
  7 two-headed ogres
  Sonja (D:10)
  Nergalle (Orc:1)
  4 orc high priests (Orc:2)
  A wizard (D:14)
  A lindwurm (Lair:6)
  A deep elf pyromancer (D:14)
  7 orc sorcerers
  4 orc knights
  9 ugly things
  4 oklob plants (Lair:5)
  4 cyclopes
  A manticore (D:12)
  Joseph (D:7)
  Maurice (D:8)
  5 black mambas
  18 elephants
  2 merfolk sirens (Lair:2)
  13 cane toads
  2 gargoyles
  A rime drake (Lair:3)
  An unseen horror (D:12)
  Psyche (D:8)
  8 komodo dragons
  2 merfolk (Lair:2)
  7 trolls
  A queen bee (D:11)
  3 polar bears
  19 blink frogs
  10 slime creatures
  7 dream sheep (Lair:3)
  2 shadows
  A vampire (D:13)
  56 yaks
  2 water elementals (D:12)
  6 basilisks
  3 humans
  2 steam dragons
  3 wyverns
  3 hogs (Lair:5)
  4 vampire mosquitoes (D:11)
  7 wargs
  An acid dragon (D:11)
  A floating eye (Lair:5)
  6 water moccasins
  An ice beast (D:6)
  A sky beast (D:7)
  3 black bears
  45 orc warriors
  13 ogres
  A necrophage (D:8)
  2 centaurs
  6 wolves (Lair:6)
  A phantom (D:6)
  2 kobold brigands (D:6)
  A gnoll sergeant (D:11)
  8 bullfrogs
  2 scorpions
  2 water moccasin skeletons (D:5)
  18 killer bees (D:11)
  6 howler monkeys
  A centaur zombie (D:5)
  3 bullfrog zombies
  A hound (D:6)
  A jelly (D:6)
  27 orc priests
  2 centaur skeletons
  3 iguanas
  20 orc wizards
  2 hound skeletons
  5 gnolls
  An adder (D:5)
  A howler monkey skeleton (D:4)
  3 shadow imps
  2 white imps (D:5)
  2 ufetubi
  An adder zombie (D:5)
  2 worms
  3 dart slugs
  91 orcs
  3 ball pythons
  6 endoplasms
  A giant cockroach (D:3)
  5 goblins
  8 hobgoblins
  3 jackals (D:1)
  14 kobolds
  4 quokkas
  A bat (D:1)
  A frilled lizard (D:1)
  2 rats
  A spectral orc (D:10)
  8 bushes
619 creatures vanquished.

Vanquished Creatures (others)
  A gargoyle (D:9)
  2 yaks (D:10)
  An orc warrior (D:9)
  A centaur (D:5)
  A centaur zombie (D:6)
  A gnoll shaman (D:5)
  5 gnolls
  2 orcs (D:9)
  A bush (Lair:2)
  48 fungi
  80 plants
  15 snaplasher vines
  A withered plant (D:5)
159 creatures vanquished.

Grand Total: 833 creatures vanquished

Notes
Turn   | Place    | Note
-------+----------+-------------------------------------------
     0 | D:1      | browni3141 the Felid Summoner began the quest for the Orb.
     0 | D:1      | Reached XP level 1. HP: 7/7 MP: 4/4
   402 | D:1      | Reached XP level 2. HP: 11/11 MP: 4/6
  1023 | D:1      | Learned a level 2 spell: Call Imp
  1748 | D:1      | Reached XP level 3. HP: 14/14 MP: 2/7
  1918 | D:1      | Found a faded altar of an unknown god.
  1928 | D:1      | Learned a level 3 spell: Call Canine Familiar
  2161 | D:2      | Found Witi's Jewellery Shop.
  3318 | D:2      | Reached XP level 4. HP: 18/18 MP: 6/9
  3773 | D:3      | Noticed an ogre
  3835 | D:3      | Killed an ogre
  3836 | D:3      | Reached skill level 5 in Summonings
  3836 | D:3      | Reached XP level 5. HP: 21/21 MP: 0/10
  3965 | D:3      | Learned a level 3 spell: Summon Guardian Golem
  5194 | D:4      | Found an iron altar of Okawaru.
  5213 | D:4      | Identified the +4 falchion of the Gloaming {venom, rPois
                  | rF+ rC- Dex+5}
  5253 | D:4      | Found Gera's Jewellery Shoppe.
  5394 | D:4      | Reached skill level 6 in Summonings
  5394 | D:4      | Gained mutation: You are covered in thick fur. (AC +2)
                  | [Felid growth]
  5394 | D:4      | Reached XP level 6. HP: 24/24 MP: 6/12
  5592 | D:5      | Entered Level 5 of the Dungeon
  5863 | D:5      | Found a transporter.
  5875 | D:5      | Found a transporter.
  6245 | D:5      | Reached XP level 7. HP: 15/27 MP: 12/14
  6252 | D:5      | Identified the +3 great sword of Jaolubes {holy, +Blink rN+
                  | Str-4}
  6334 | D:5      | Reached skill level 7 in Summonings
  6430 | D:5      | Found a staircase to the Ecumenical Temple.
  6591 | Temple   | Entered the Ecumenical Temple
  6845 | Temple   | Became a worshipper of Gozag Ym Sagoz the Greedy
  7370 | D:5      | Found Cion's Book Boutique.
  7495 | D:5      | Found Muan's General Store.
  7498 | D:5      | Bought a potion of degeneration for 12 gold pieces
  7498 | D:5      | Bought a scroll of fog for 24 gold pieces
  7498 | D:5      | Bought a scroll of identify for 24 gold pieces
  7660 | D:6      | Reached skill level 1 in Hexes
  7670 | D:6      | Reached skill level 5 in Spellcasting
  7670 | D:6      | Reached skill level 8 in Summonings
  7687 | D:5      | Succumbed to a kobold brigand's curare-tipped dart
  7688 | D:5      | Reached XP level 6. HP: 0/24 MP: 9/14
  7887 | D:6      | Reached XP level 7. HP: 18/27 MP: 6/15
  8068 | D:6      | Found a transporter.
  8068 | D:6      | Found a one-way gate to the infinite horrors of the Abyss.
  8068 | D:6      | Noticed AigisTheKnight's ghost (novice DrAE)
  8112 | D:6      | Noticed an orange demon
  8127 | D:6      | Found a transporter.
  8155 | D:6      | Learned a level 4 spell: Summon Lightning Spire
  8380 | D:6      | Noticed a small abomination
  8612 | D:6      | Reached skill level 9 in Summonings
  8612 | D:6      | Reached XP level 8. HP: 31/31 MP: 11/17
  8664 | D:6      | Got the Volume of Earth
  8838 | D:7      | Noticed Joseph
  9379 | D:7      | Killed from afar by an orc wizard
  9380 | D:7      | Reached XP level 7. HP: -3/27 MP: 9/16
 10224 | D:7      | Reached skill level 5 in Hexes
 10519 | D:7      | Found a transporter.
 10519 | D:7      | Found a transporter.
 10533 | D:7      | Noticed bande's ghost (novice GrFi)
 10554 | D:7      | Noticed a hornet
 10948 | D:7      | Found a shimmering blue altar of Sif Muna.
 11015 | D:7      | Killed Joseph
 11016 | D:7      | Reached skill level 10 in Summonings
 11016 | D:7      | Reached XP level 8. HP: 20/31 MP: 11/18
 11286 | D:8      | Noticed Psyche
 11462 | D:8      | Found a burning altar of Makhleb.
 11567 | D:8      | Reached skill level 11 in Summonings
 11567 | D:8      | Reached XP level 9. HP: 28/34 MP: 2/20
 11836 | D:8      | Noticed Maurice
 11848 | D:8      | Killed Maurice
 11933 | D:8      | Found a radiant altar of Vehumet.
 12047 | D:8      | Killed Psyche
 12608 | D:9      | Reached skill level 12 in Summonings
 12736 | D:9      | Found a staircase to the Orcish Mines.
 13119 | D:9      | Found a staircase to the Lair.
 13342 | D:9      | Noticed a two-headed ogre
 13374 | D:9      | Killed a two-headed ogre
 13375 | D:9      | Reached XP level 10. HP: 37/37 MP: 14/23
 13986 | D:9      | Found Fuhuep's Lightly-Used Armoury.
 14080 | D:9      | Noticed a gargoyle
 14134 | D:9      | Killed a gargoyle
 14135 | D:9      | Reached skill level 13 in Summonings
 14567 | D:10     | Entered Level 10 of the Dungeon
 14685 | D:10     | Noticed Sonja
 14714 | D:10     | Noticed a cyclops
 14732 | D:10     | Noticed a two-headed ogre
 14752 | D:10     | Killed a two-headed ogre
 14938 | D:10     | Found a hazy altar of Hepliaklqana.
 15765 | D:10     | Found a basalt altar of Yredelemnul.
 15982 | D:10     | Learned a level 5 spell: Summon Forest
 15989 | D:10     | Learned a level 6 spell: Summon Cactus Giant
 16196 | D:5      | Bought an Inescapable Atlas for 510 gold pieces
 16199 | D:5      | Learned a level 2 spell: Blink
 16253 | D:4      | Bought the amulet "Daidweck" {Acrobat -Tele rElec Int+3}
                  | for 581 gold pieces
 16973 | Lair:1   | Entered Level 1 of the Lair of Beasts
 17078 | D:9      | Reached skill level 1 in Translocations
 17248 | Lair:1   | Reached skill level 1 in Air Magic
 17316 | Lair:1   | Noticed a black mamba
 17323 | Lair:1   | Reached skill level 14 in Summonings
 17323 | Lair:1   | Reached XP level 11. HP: 40/40 MP: 13/25
 17414 | Lair:1   | Found a transporter.
 17414 | Lair:1   | Noticed Ynoky's ghost (novice DsFi)
 17437 | Lair:1   | Found a transporter.
 18009 | Lair:2   | Noticed Harold
 18040 | Lair:2   | Noticed Fannar
 18053 | Lair:2   | Killed from afar by Fannar
 18054 | Lair:2   | Reached XP level 10. HP: -15/37 MP: 15/24
 18054 | Lair:2   | Noticed a cane toad
 18056 | Lair:2   | Killed a merfolk siren
 18061 | Lair:2   | Killed a cane toad
 18091 | Lair:2   | Killed Fannar
 18102 | Lair:2   | Noticed a cane toad
 18108 | Lair:2   | Killed a cane toad
 18123 | Lair:2   | Noticed a cane toad
 18135 | Lair:2   | Killed a cane toad
 18394 | Lair:2   | Found a staircase to the Shoals.
 18398 | Lair:2   | Found a gate leading to a gauntlet.
 18407 | Gauntlet | Entered a Gauntlet
 18407 | Gauntlet | Found a transporter.
 18414 | Gauntlet | Found a transporter.
 18417 | Gauntlet | Found a transporter.
 18418 | Gauntlet | Found a transporter.
 18422 | Gauntlet | Found a runed translucent door.
 18422 | Gauntlet | Noticed a tengu warrior
 18424 | Gauntlet | Found a runed translucent door.
 18426 | Gauntlet | Found a transporter.
 18429 | Gauntlet | Found a transporter.
 18430 | Gauntlet | Found a transporter.
 18441 | Gauntlet | Found a transporter.
 18441 | Gauntlet | Found a transporter.
 18442 | Gauntlet | Found a transporter.
 18444 | Gauntlet | Noticed a necromancer
 18446 | Gauntlet | Noticed a death yak
 18447 | Gauntlet | Noticed a death yak
 18447 | Gauntlet | Noticed a death yak
 18447 | Gauntlet | Noticed a death yak
 18449 | Gauntlet | Noticed a death yak
 18450 | Gauntlet | Found a transporter.
 18453 | Gauntlet | Found a transporter.
 18454 | Gauntlet | Found a transporter.
 18456 | Gauntlet | Noticed a large abomination
 18462 | Gauntlet | Found a transporter.
 18552 | Lair:2   | Killed Harold
 18766 | Lair:2   | Killed a merfolk siren
 18767 | Lair:2   | Reached skill level 5 in Translocations
 18767 | Lair:2   | Reached XP level 11. HP: 40/40 MP: 15/25
 19163 | Lair:3   | Noticed a boulder beetle
 19178 | Lair:3   | Killed a boulder beetle
 19201 | Lair:3   | Noticed a five-headed hydra
 19215 | Lair:3   | Killed a five-headed hydra
 19507 | Lair:3   | Noticed a boulder beetle
 19527 | Lair:3   | Killed a boulder beetle
 19528 | Lair:3   | Reached skill level 15 in Summonings
 19744 | Lair:3   | Reached skill level 10 in Spellcasting
 20489 | Lair:3   | Noticed a seven-headed hydra
 20499 | Lair:3   | Killed a seven-headed hydra
 20500 | Lair:3   | Gained mutation: Your thick and shaggy fur keeps you warm.
                  | (AC +3, rC+) [Felid growth]
 20500 | Lair:3   | Reached XP level 12. HP: 44/44 MP: 16/27
 21101 | Lair:3   | Found a staircase to the Snake Pit.
 21370 | Lair:4   | Reached skill level 5 in Air Magic
 21481 | Lair:4   | Reached skill level 16 in Summonings
 22137 | Lair:4   | Noticed an eight-headed hydra
 22144 | Lair:4   | Killed an eight-headed hydra
 22896 | Lair:5   | Reached skill level 17 in Summonings
 23253 | Lair:5   | Noticed Kirke
 23256 | Lair:5   | Reached XP level 13. HP: 47/47 MP: 13/29
 23263 | Lair:5   | Killed Kirke
 24847 | Lair:6   | Entered Level 6 of the Lair of Beasts
 24894 | Lair:6   | Found a staircase to the Slime Pits.
 25061 | Lair:6   | Reached skill level 18 in Summonings
 26725 | Lair:6   | Identified the +5 trident "Nerepes" {spect, +Blink}
 26835 | Lair:6   | Learned a level 7 spell: Storm Form
 26846 | Lair:6   | Learned a level 7 spell: Summon Hydra
 26847 | Slime:1  | Entered Level 1 of the Pits of Slime
 26847 | Slime:1  | Noticed an azure jelly
 26847 | Slime:1  | Noticed an acid blob
 26847 | Slime:1  | Noticed an acid blob
 26996 | Orc:1    | Entered Level 1 of the Orcish Mines
 27018 | Orc:1    | Reached skill level 1 in Transmutations
 27022 | Orc:1    | Reached XP level 14. HP: 51/51 MP: 10/31
 27030 | Orc:1    | Noticed an orc warlord
 27063 | Orc:1    | Killed an orc warlord
 27295 | Orc:1    | Noticed Nergalle
 27299 | Orc:1    | Killed Nergalle
 27482 | Orc:2    | Entered Level 2 of the Orcish Mines
 28219 | Orc:2    | Found Rostos's Armour Boutique.
 28270 | Orc:2    | Found Bumoxe Lous's Distillery.
 28334 | Orc:2    | Bought a potion of heal wounds for 70 gold pieces
 28334 | Orc:2    | Bought a potion of attraction for 42 gold pieces
 28334 | Orc:2    | Bought a potion of haste for 140 gold pieces
 28334 | Orc:2    | Bought a potion of magic for 112 gold pieces
 28334 | Orc:2    | Bought 2 potions of might for 112 gold pieces
 28334 | Orc:2    | Bought a potion of lignification for 42 gold pieces
 28334 | Orc:2    | Bought a potion of invisibility for 112 gold pieces
 29055 | Orc:2    | Reached skill level 5 in Transmutations
 29908 | Orc:2    | Found a staircase to the Elven Halls.
 30860 | Orc:2    | Noticed an orc warlord
 30870 | Orc:2    | Killed an orc warlord
 31290 | Orc:2    | Found Tick's General Store.
 31298 | Orc:2    | Bought a potion of curing for 42 gold pieces
 31362 | Orc:2    | Found Viagyhoh's Antique Armour Emporium.
 31629 | Orc:1    | Found a bloodstained altar of Trog.
 31662 | Orc:1    | Noticed Snorg
 31669 | Orc:1    | Killed Snorg
 32114 | D:10     | Killed Sonja
 32651 | D:11     | Found a runed translucent gate.
 32652 | D:11     | Found a runed translucent gate.
 32762 | D:11     | Found a runed translucent gate.
 32769 | D:11     | Noticed Ora Soeq's ghost (journeyman HOFi)
 33887 | D:11     | Killed Ora Soeq's ghost
 35092 | D:12     | Reached XP level 15. HP: 54/54 MP: 26/33
 35389 | D:13     | Reached skill level 10 in Transmutations
 37558 | D:14     | Noticed Rupert
 37573 | D:14     | Killed Rupert
 38009 | D:14     | Slain by a deep elf knight
 38010 | D:14     | Reached XP level 14. HP: -1/51 MP: 2/32
 38381 | D:14     | Mangled by a deep elf knight

Illustrated notes

Levels and vault maps discovered:
D:1:      dpeg_arrival_refuge, layout_basic, dreamdust_ecumenical_altar_statues,
          minmay_tromino_v2
D:2:      layout_basic, serial_shops, nicolae_shop_trees
D:3:      layout_loops_cross
D:4:      layout_basic, okawaru_ov_weapons_minmay, serial_shops,
          nicolae_shop_hallway_stairs, hangedman_decor_points,
          grunt_ministairs_8
D:5:      gammafunk_wand_slinger, layout_gridville, minmay_temple_entry_statues,
          serial_undead, serial_undead_c, serial_undead_c, serial_undead_e,
          serial_undead_a, serial_shops, nicolae_shop_behind_doors,
          kennysheep_mini
D:6:      layout_rooms, gammafunk_ghost_abyssal_escape
D:7:      nicolae_cairo_tiling, layout_basic,
          mainiacjoe_overflow_six_doors_small, gammafunk_ghost_hive, uniq_joseph
D:8:      layout_rooms, vehumet_crystals, mainiacjoe_overflow_alcove_1,
          dk_vineyard_3, uniq_psyche, uniq_maurice
D:9:      layout_basic, dpeg_oklobed_lair, david_orc_5,
          chequers_serial_rivers_micro_e, minmay_shop_damaged,
          hangedman_decor_growths, minmay_misc_feat_rugged
D:10:     layout_stronghold, yredelemnul_forgotten_temple_becter,
          nicolae_overflow_crystal_walls, uniq_sonja
D:11:     layout_basic, special_room [special_room_bee],
          gammafunk_ghost_hydra_chop
D:12:     nicolae_BIG_FREAKIN_CUBE, layout_basic
D:13:     layout_roguey
D:14:     layout_small_grid, grunt_vaults_entry_fortified, uniq_rupert
Temple:   kb_temple_of_zot
Lair:1:   layout_misc_corridors, gammafunk_ghost_arena
Lair:2:   layout_misc_corridors, elwin_shoals_entry_stream,
          gauntlet_entry_generic, uniq_fannar, uniq_harold
Lair:3:   layout_layer_cave, dummy_snake_entry, grunt_megastairs_3
Lair:4:   layout_misc_corridors, grunt_megastairs_4
Lair:5:   layout_long_grid, disabler_island, uniq_kirke
Lair:6:   grunt_lair_end_beastmaster, layout_layer_cave, slime_dummy
Slime:1:  layout_caves
Orc:1:    layout_caves, basic_altar, uniq_snorg, uniq_nergalle
Orc:2:    pubby_orc_utopia, serial_shops

Skill      XL: |  1  2  3  4  5  6  7  8  9 10 11 12 13 14 15 |
---------------+----------------------------------------------+-----
Stealth        | 3 |  3.5
Dodging        | 3 |  3.4
Spellcasting   | 3 4 6 8 9 10 11 12 13 | 13.0
Summonings     | 5 6 10 11 12 14 15 17 18 | 18.8
Hexes          | 2 5 7 8 |  8.0
Translocations | 5 7 8 |  8.0
Air Magic      | 3 4 5 7 8 |  8.8
Transmutations | 1 9 11 | 11.9

Action                   |  1- 3 |  4- 6 |  7- 9 | 10-12 | 13-15 || total
-------------------------+-------+-------+-------+-------+-------++-------
Melee: Unarmed           |    74 |   126 |   121 |    32 |    89 ||   442
       Bite              |     5 |    11 |     9 |     2 |    16 ||    43
 Cast: Summon Small Mamm |    30 |     5 |     4 |       |       ||    39
       Call Imp          |    21 |     7 |     8 |     7 |       ||    43
       Call Canine Famil |       |    26 |    32 |    18 |    13 ||    89
       Summon Guardian G |       |     6 |     6 |     8 |     1 ||    21
       Summon Lightning  |       |       |    43 |    30 |    12 ||    85
       Summon Forest     |       |       |       |    27 |    47 ||    74
       Summon Cactus Gia |       |       |       |    42 |    72 ||   114
       Summon Hydra      |       |       |       |       |   111 ||   111
       Storm Form        |       |       |       |       |     1 ||     1
Evoke: Wand              |       |       |       |     2 |     3 ||     5
  Use: Scroll            |       |       |     5 |     2 |     4 ||    11
       Potion            |       |       |       |     2 |       ||     2
 Stab: Sleeping          |    10 |     6 |       |       |     1 ||    17
       Distracted        |     1 |     3 |     4 |       |     5 ||    13
       Betrayed ally     |       |       |       |     1 |       ||     1
Armor: Skin              |     2 |    11 |    12 |     4 |     6 ||    35
Dodge: Dodged            |    83 |   138 |   183 |    55 |   168 ||   627

Table legend: (Time is in decaauts)
 A = Elapsed time spent in this place.
 B = Non-inter-level travel time spent in this place.
 C = Inter-level travel time spent in this place.
 D = Time resting spent in this place.
 E = Time spent auto-exploring this place.
 F = Levels seen in this place.
 G = Mean time per level.
                   A        B        C        D        E       F      G
               +--------+--------+--------+--------+--------+-----+--------+
         Total |  34713 |  33130 |   1583 |   2474 |  23983 |  25 | 1388.5 |
       Dungeon |  21072 |  19915 |   1157 |   1272 |  14513 |  14 | 1505.1 |
        Temple |    252 |    232 |     20 |      0 |    211 |   1 |  252.0 |
          Lair |   8648 |   8413 |    235 |    713 |   6250 |   6 | 1441.3 |
    Slime Pits |      1 |      1 |      0 |      0 |      0 |   1 |    1.0 |
  Orcish Mines |   4628 |   4459 |    169 |    489 |   3007 |   2 | 2314.0 |
      Gauntlet |    110 |    110 |      0 |      0 |      0 |   1 |  110.0 |
               +--------+--------+--------+--------+--------+-----+--------+

Top non-repeatable levels by time:
   Orc:2: 3869 daAuts
     D:9: 2318 daAuts
  Lair:5: 2200 daAuts
     D:5: 2066 daAuts
     D:1: 1989 daAuts
  Lair:3: 1982 daAuts
     D:7: 1976 daAuts
  Lair:6: 1784 daAuts
    D:14: 1765 daAuts
    D:11: 1519 daAuts
    D:10: 1426 daAuts
     D:6: 1341 daAuts
     D:3: 1207 daAuts
    D:12: 1173 daAuts
    D:13: 1142 daAuts
